 Seeded DCSS version 0.30.0-30-g96aa6591b8 (webtiles) character file.

Game seed: 4190105075723174325 (custom seed)

24 CInkIbrahim the Slasher (level 2, 22/22 HPs)
             Began as a Vampire Gladiator on July 1, 2023.
             Quit the game on level 1 of the Dungeon.
             The game lasted 00:00:21 (298 turns).

CInkIbrahim the Slasher (Vampire Gladiator)          Turns: 298, Time: 00:00:22

Health: 22/22      AC:  4    Str: 13    XL:     2   Next: 79%
Magic:  2/2        EV: 12    Int: 10    God:
Gold:   37         SH:  0    Dex: 15    Spells: 1/1 levels left

rFire   . . .        a - +0 long sword
rCold   . . .        (no shield)
rNeg    . . .        b - +0 leather armour
rPois   .            c - +0 helmet
rElec   .            (no cloak)
rCorr   .            (no gloves)
SInv    +            (no boots)
Will    .....        (no amulet)
Stlth   +            (no ring)
HPRegen 0.43/turn    (no ring)
MPRegen 0.08/turn

%: no passive effects
@: healing quickly
A: alive, fangs 3, see invisible, vampiric 1
a: Exsanguinate


You were on level 1 of the Dungeon.
You visited 1 branch of the dungeon, and saw 1 of its levels.

You collected 37 gold pieces.

Inventory:

Hand Weapons
 a - a +0 long sword (weapon)
Missiles
 d - 3 throwing nets (quivered)
 e - 6 javelins
Armour
 b - a +0 leather armour (worn)
 c - a +0 helmet (worn)
Scrolls
 g - a scroll of identify {unknown}
Potions
 f - a potion of haste {unknown}


   Skills:
 - Level 1.7 Fighting
 + Level 4.1 Long Blades
 - Level 1.5 Throwing
 - Level 3.2 Dodging


You had one spell level left.
You didn't know any spells.
Your spell library was empty.

Dungeon Overview and Level Annotations

Branches:
Dungeon (1/15)

Altars:

Shops:
D:1 (


Innate Abilities, Weirdness & Mutations

Your natural rate of healing is accelerated.
You have razor-sharp teeth.
You have supernaturally acute eyesight. (SInv)
You are afflicted with vampirism.


Message History

You hit the bat.
The bat is severely wounded.
The bat hits you. The bat barely misses you.
There are monsters nearby!
You hit the bat.
You kill the bat!
The bat barely misses you.
A bat is nearby!
You barely miss the bat. The bat closely misses you. The bat barely misses you.
The bat closely misses you.
A bat is nearby!
The bat closely misses you.
A bat is nearby!
You miss the bat. The bat barely misses you.
A bat is nearby!
The bat misses you.
A bat is nearby!
The bat misses you. The bat closely misses you.
A bat is nearby!
You closely miss the bat. You bite the bat.
You kill the bat!
Key pressed, stopping explore.
No target in view!
Key pressed, stopping explore.
No target in view!
Key pressed, stopping explore.
No target in view!
You see here a bat corpse.
Found a stone staircase leading down.
No target in view!
Found Venomn's Weapon Emporium.
No target in view!
Found a pair of boots.
No target in view!
An endoplasm comes into view.
An endoplasm is nearby!
You slash the endoplasm!
You kill the endoplasm!
There is an entrance to Venomn's Weapon Emporium here.
Are you sure you want to abandon this character and quit the game? (Confirm with "yes".)

#.#... #.#.#. ...
###.#.. ..## .......
... .. ....>######.#
.. ..... ..[# #.#
#####.#####..# #
#.###............#.#
#...............@..#
............###.####
............#........#
............#.#.######
...........##.#.#
............# #..
#.............#.#
########..#...#..
..#.. .##


There were no monsters in sight!

Vanquished Creatures
  A gnoll (D:1)
  2 ball pythons (D:1)
  3 endoplasms (D:1)
  A giant cockroach (D:1)
  A goblin (D:1)
  A hobgoblin (D:1)
  A quokka (D:1)
  2 bats (D:1)
  A frilled lizard (D:1)
  A kobold (D:1)
14 creatures vanquished.

Notes
Turn   | Place    | Note
-------+----------+-------------------------------------------
     0 | D:1      | CInkIbrahim the Vampire Gladiator began the quest for the
                  | Orb.
     0 | D:1      | Reached XP level 1. HP: 16/16 MP: 1/1
   115 | D:1      | Reached XP level 2. HP: 11/22 MP: 2/2
   210 | D:1      | Reached skill level 4 in Long Blades
   289 | D:1      | Found Venomn's Weapon Emporium.
   298 | D:1      | Quit the game

Illustrated notes

Levels and vault maps discovered:
D:1:      wander_arrival_peaceful_grave, layout_basic, serial_shops, shop,
          ebering_ecumenical_altar_petrified, chequers_serial_rivers_small_a

Skill      XL: |  1  2 |
---------------+-------+-----
Long Blades    | 4 |  4.1
Fighting       | |  1.7
Throwing       | |  1.5
Dodging        | |  3.2

Action                     || total
---------------------------++-------
  Melee: Long sword        ||    34
         Bite              ||     6
 Armour: Leather armour    ||     7
  Dodge: Dodged            ||    22
